 Dungeon Crawl Stone Soup version 0.31.0-12-g77e489cdc1 (webtiles) character file.

Game seed: 15310880097472766807

119 sking99 the Digger (level 5, 0/61 HPs)
             Began as a Hill Orc Earth Elementalist on Feb 24, 2024.
             Slain by Grinder (6 damage)
             ... on level 4 of the Dungeon.
             The game lasted 00:06:22 (2237 turns).

sking99 the Digger (Hill Orc Earth Elementalist)    Turns: 2237, Time: 00:06:23

Health: 0/61       AC: 22    Str: 19    XL:     5   Next: 3%
Magic:  7/8        EV:  2    Int: 15    God:
Gold:   97         SH:  0    Dex: 11    Spells: 4/8 levels left

rFire   . . .        e - +0 dagger
rCold   . . .        (no shield)
rNeg    . . .        a - melded +1 robe
rPois   +            (helmet currently unavailable)
rElec   .            (cloak currently unavailable)
rCorr   .            (gloves currently unavailable)
SInv    .            (boots currently unavailable)
Will    .....        (no amulet)
Stlth   +            o - +6 ring of strength
HPRegen 0.30/turn    (no ring)
MPRegen 0.11/turn

%: no passive effects
@: tree-form, silenced
A: stationary, stasis, torment immunity, boosted hp
a: no special abilities


You were on level 4 of the Dungeon.
You were a tree.
You visited 1 branch of the dungeon, and saw 4 of its levels.

You collected 97 gold pieces.

Inventory:

Hand Weapons
 e - a +0 dagger (weapon)
Armour
 a - a +1 robe (melded)
Jewellery
 c - a ring of fire
 o - a +6 ring of strength (left branch)
Scrolls
 i - a scroll of identify
 j - a scroll of fog
 m - a scroll of vulnerability {unknown}
 n - a scroll of amnesia {unknown}
Potions
 b - a potion of magic
 f - a potion of invisibility {unknown}
 g - a potion of haste {unknown}
 h - 3 potions of attraction
 l - a potion of berserk rage {unknown}


   Skills:
 + Level 2.1 Fighting
 - Level 1.5 Dodging
 - Level 1.5 Stealth
 + Level 2.2 Spellcasting
 + Level 2.1 Conjurations
 * Level 4.1 Earth Magic


You had 4 spell levels left.
You knew the following spells:

 Your Spells              Type           Power      Damage    Failure   Level
a - Sandblast             Erth           28%        2d8       4%          1
b - Stone Arrow           Conj/Erth      22%        3d8       19%         3

Your spell library contained the following spells:

 Spells                   Type           Power      Damage    Failure   Level
 Magic Dart               Conj           32%        1d4       9%          1
 Passwall                 Erth           14%        N/A       12%         3
 Necrotise                Necr           4%         1d4       22%         1
 Blink                    Tloc           2%         N/A       32%         2
 Call Imp                 Summ           2%         N/A       32%         2
 Brom's Barrelling Bould  Conj/Erth      11%        2d3       52%         4
 Fugue of the Fallen      Necr           1%         N/A       54%         3
 Ozocubu's Armour         Ice            1%         N/A       54%         3
 Vampiric Draining        Necr           1%         2d6       54%         3
 Petrify                  Alch/Erth      7%         N/A       67%         4
 Iskenderun's Mystic Bla  Conj/Tloc      4%         2d3       80%         4
 Manifold Assault         Tloc           1%         N/A       91%         4
 Martyr's Knell           Necr/Summ      1%         N/A       91%         4
 Borgnjor's Vile Clutch   Necr/Erth      3%         N/A       95%         5
 Curse of Agony           Necr           1%         N/A       99%         5


Dungeon Overview and Level Annotations

Branches:
Dungeon (4/15)
 Temple: D:4-7

Altars:
Trog

Shops:
D:1 :   D:2 ?

Annotations:
D:4 Edmund, Grinder


Message History

Your roots penetrate the ground.
Grinder hits you but does no damage. The adder bites you but does no damage.
You cannot move.
Unknown command.
You hit Grinder.
Grinder is moderately wounded.
Grinder hits you but does no damage. The adder bites you but does no damage.
You hit Grinder but do no damage.
Grinder is moderately wounded.
The adder bites you but does no damage. Edmund hits you but does no damage.
Grinder hits you but does no damage.
You closely miss Grinder.
Grinder is moderately wounded.
The adder bites you but does no damage. Edmund hits you but does no damage.
Grinder hits you but does no damage.
You closely miss Grinder.
Grinder is moderately wounded.
The adder bites you but does no damage.
Edmund hits you with a +6 flail of protection.
* * * LOW HITPOINT WARNING * * *
Grinder blinks!
The adder bites you but does no damage.
You cannot move.
You barely miss Edmund. The adder bites you but does no damage.
Edmund hits you with a +6 flail of protection.
* * * LOW HITPOINT WARNING * * *
You hit Edmund.
Edmund is lightly wounded.
The adder completely misses you. Edmund hits you but does no damage.
You hit Grinder but do no damage.
Grinder is moderately wounded.
The adder bites you but does no damage.
Edmund hits you with a +6 flail of protection.
* * * LOW HITPOINT WARNING * * *
Grinder hits you but does no damage. The adder bites you but does no damage.
You hit Grinder.
Grinder is moderately wounded.
Edmund hits you but does no damage. Grinder hits you.
* * * LOW HITPOINT WARNING * * *
You writhe in agony.
You die...

#.+...†._.....'..#
#.#####...#####.[#
#.....#####..5...#
#...#.......###..##
#..###.#######....#
##...##.# #.....#
#.......# ##§....#
##......## #.§§§..#
..##.....# #.§♣5.§#
##.#.....# #.§S@§§#
#.##.....#
#.§§§§§.#
##.#....##
##§.§§§.# #.##...#
##.....# .#. #?.#
##.....# .. ..
##....# ... #.#
##..# ... .. ...


You could see Edmund, Grinder (unsilenced) and an adder.

Vanquished Creatures
  5 adders (D:2)
  2 dart slugs
  A ribbon worm (D:3)
  2 orcs
  2 endoplasms
  10 giant cockroaches (D:2)
  6 goblins
  5 hobgoblins
  3 jackals (D:1)
  2 quokkas (D:2)
  9 ball pythons
  5 bats
  5 frilled lizards
  5 kobolds
  4 rats
66 creatures vanquished.

Notes
Turn   | Place    | Note
-------+----------+-------------------------------------------
     0 | D:1      | sking99 the Hill Orc Earth Elementalist began the quest for
                  | the Orb.
     0 | D:1      | Reached XP level 1. HP: 14/14 MP: 3/3
   129 | D:1      | Reached XP level 2. HP: 22/22 MP: 2/4
   315 | D:1      | Found Igylafil's Book Shop.
   408 | D:1      | Reached skill level 1 in Fighting
   720 | D:2      | Reached XP level 3. HP: 28/28 MP: 2/5
  1020 | D:2      | Got Keunkomu's Almanac of Blinking Shades
  1150 | D:2      | Reached XP level 4. HP: 35/35 MP: 5/7
  1446 | D:2      | Reached skill level 4 in Earth Magic
  1452 | D:2      | Learned a level 3 spell: Stone Arrow
  1473 | D:2      | Found Puoqaun's Magic Scroll Boutique.
  2000 | D:4      | Reached XP level 5. HP: 6/41 MP: 4/8
  2143 | D:4      | Found a bloodstained altar of Trog.
  2185 | D:4      | Noticed Grinder
  2209 | D:4      | Paralysed by Grinder for 5 turns
  2222 | D:4      | Noticed Edmund
  2237 | D:4      | Slain by Grinder

Illustrated notes

Levels and vault maps discovered:
D:1:      saegor_arrival_simple_a, layout_rooms, serial_shops, shop
D:2:      minmay_roachtagon, layout_basic, serial_shops, shop
D:3:      cheibrodos_pilgrimage, layout_rooms, dreamdust_princess_corridor,
          minivault_26
D:4:      layout_cave_pods, mainiacjoe_overflow_surrounded_room,
          mainiacjoe_overflow_boulevard, hangedman_ru_absence, uniq_edmund,
          uniq_grinder

Skill      XL: |  1  2  3  4 |
---------------+-------------+-----
Fighting       | 1 2 |  2.1
Spellcasting   | 2 |  2.2
Conjurations   | 2 |  2.1
Earth Magic    | 4 |  4.1
Dodging        | |  1.5
Stealth        | |  1.5

Action                     |  1- 3 |  4- 6 || total
---------------------------+-------+-------++-------
  Melee: Unarmed           |     7 |       ||     7
         Dagger            |     4 |     8 ||    12
   Cast: Sandblast         |    49 |    46 ||    95
         Stone Arrow       |       |     2 ||     2
    Use: Scroll            |       |     4 ||     4
 Armour: Robe              |    18 |    27 ||    45
         Skin              |       |    22 ||    22
  Dodge: Dodged            |    20 |    22 ||    42
